 Dungeon Crawl Stone Soup version 0.19.1-1-g22dce08 (webtiles) character file.

261 Jynx the Firebug (level 5, -2/28 HPs)
             Began as a Deep Elf Fire Elementalist on Jan 8, 2017.
             Slain by a gnoll
             ... wielding a +0 spear
              (5 damage)
             ... on level 4 of the Dungeon.
             The game lasted 00:06:06 (2544 turns).

Jynx the Firebug (Deep Elf Fire Elementalist)       Turns: 2544, Time: 00:06:07

Health: -2/28      AC:  4    Str:  5    XL:     5   Next: 96%
Magic:  2/14       EV: 13    Int: 21    God:
Gold:   144        SH:  0    Dex: 15    Spells: 3 memorised, 5 levels left

rFire  . . .     SeeInvis .     (no weapon)
rCold  + . .     Gourm    .     a - +0 robe
rNeg   . . .     Faith    .     (no shield)
rPois  .         Spirit   .     (no helmet)
rElec  .         Reflect  .     n - +0 cloak
rCorr  .         Harm     .     f - +0 pair of gloves
MR     .....                    (no boots)
Stlth  ++........               (no amulet)
                                k - ring of protection from cold
                                (no ring)

@: very slightly contaminated, invisible
A: no striking features
a: no special abilities


You were on level 4 of the Dungeon.
You were very hungry.

You visited 1 branch of the dungeon, and saw 4 of its levels.

You collected 144 gold pieces.

Inventory:

Armour
 a - a +0 robe (worn)
 f - a +0 pair of gloves (worn)
 n - a +0 cloak (worn)
Jewellery
 k - a ring of protection from cold (right hand)
Scrolls
 d - a scroll of enchant weapon {unknown}
Potions
 h - 2 potions of curing
 p - a potion of brilliance
Books
 b - a book of Flames

   Spells                             Type                      Level
   a - Flame Tongue                   Conjuration/Fire             1
   b - Throw Flame                    Conjuration/Fire             2
   c - Conjure Flame                  Conjuration/Fire             3
   d - Inner Flame                    Hexes/Fire                   3
   e - Sticky Flame                   Conjuration/Fire             4
   f - Fireball                       Conjuration/Fire             5
Comestibles
 c - 2 bread rations
 j - 2 meat rations


   Skills:
 - Level 2.4 Dodging
 - Level 2.4 Stealth
 + Level 4.6 Spellcasting
 + Level 3.1 Conjurations
 * Level 5.9 Fire Magic


You had 5 spell levels left.
You knew the following spells:

 Your Spells              Type           Power        Failure   Level  Hunger
a - Flame Tongue          Conj/Fire      ###..        1%          1    None
b - Conjure Flame         Conj/Fire      ###.....     6%          3    ##.....
c - Sticky Flame          Conj/Fire      ###.....     21%         4    ####...


Dungeon Overview and Level Annotations

Branches:
Dungeon (4/15)
 Temple: D:4-7

Altars:
Cheibriados
Ru

Annotations:
D:3 Sayumi's ghost, amateur MiFi


Message History

Aiming: Flame Tongue
Press: ? - help, Shift-Dir - straight line, f/p - gnoll shaman
Aim: a gnoll shaman, wielding a whip and wearing a leather armour (severely wounded)
The flame tongue hits the gnoll shaman.
The gnoll shaman is severely wounded.
The gnoll hits you from afar with a spear!
* * * LOW HITPOINT WARNING * * *
The gnoll shaman completely misses you.
The gnoll hits you from afar with a spear.
* * * LOW HITPOINT WARNING * * *
You fade into invisibility!
The gnoll shaman closely misses you. The gnoll closely misses you.
You are very lightly contaminated with residual magic.
The gnoll barely misses you. The gnoll barely misses you.
There is a stone staircase leading up here.
You are feeling very hungry.
The gnoll barely misses you.
The gnoll hits you from afar with a spear.
You die...

#........#.......
#..............
##........g...##
#.[.......#....#
#............#.#
#.........##.# ..
#.......g.##).#
##
#.........###.#
#.....@...## ..
#..........# ##.
#..........## ..
#..........)# ..
#.........#.#
###########.###
#...# ###.# #.###


You could see a gnoll shaman (wandering) and a gnoll.

Vanquished Creatures
  Ijyb (D:2)
  Terence (D:2)
  Natasha (thrice) (D:2)
  4 gnolls (D:4)
  4 adders
  An ooze (D:4)
  A worm (D:4)
  2 dart slugs
  6 leopard geckos
  2 orcs (D:3)
  2 bats
  A giant cockroach (D:2)
  5 goblins
  5 hobgoblins
  4 kobolds
  2 ball pythons
  3 frilled lizards
  5 rats
52 creatures vanquished.

Notes
Turn   | Place    | Note
-------+----------+-------------------------------------------
     0 | D:1      | Jynx the Deep Elf Fire Elementalist began the quest for the Orb.
     0 | D:1      | Reached XP level 1. HP: 10/10 MP: 6/6
   271 | D:1      | Reached XP level 2. HP: 15/15 MP: 5/8
   507 | D:2      | Reached skill level 4 in Fire Magic
   573 | D:2      | Noticed Terence
   585 | D:2      | Killed Terence
   585 | D:2      | Reached XP level 3. HP: 17/19 MP: 3/9
   762 | D:2      | Learned a level 3 spell: Conjure Flame
   811 | D:2      | Noticed Ijyb
   851 | D:2      | Killed Ijyb
   851 | D:2      | Reached XP level 4. HP: 24/24 MP: 1/11
  1034 | D:2      | Noticed Natasha
  1057 | D:2      | Killed Natasha
  1057 | D:2      | Reached skill level 5 in Fire Magic
  1213 | D:2      | Noticed Natasha
  1217 | D:2      | Killed Natasha
  1217 | D:2      | Reached XP level 5. HP: 28/28 MP: 8/13
  1362 | D:2      | Noticed Natasha
  1366 | D:2      | Killed Natasha
  1478 | D:3      | Noticed Sayumi's ghost (amateur MiFi)
  1595 | D:3      | Learned a level 4 spell: Sticky Flame
  2056 | D:3      | Found a sacrificial altar of Ru.
  2334 | D:4      | Found a snail-covered altar of Cheibriados.
  2544 | D:4      | Slain by a gnoll

Skill      XL: |  1  2  3  4  5 |
---------------+----------------+-----
Fire Magic     | 4 5 |  5.9
Conjurations   | 2 3 |  3.1
Spellcasting   | 4 |  4.6
Dodging        | |  2.4
Stealth        | |  2.4

Action                   |  1- 3 |  4- 6 || total
-------------------------+-------+-------++-------
Melee: Unarmed           |     3 |       ||     3
 Cast: Flame Tongue      |    40 |    81 ||   121
       Conjure Flame     |       |     4 ||     4
  Use: Scroll            |       |    10 ||    10
       Potion            |       |     1 ||     1
  Eat: Chunk             |       |     4 ||     4
Armor: Robe              |     3 |     2 ||     5
Dodge: Dodged            |    15 |    13 ||    28
